Map: Dusk Towers

Players

lotsofwind

  • Race: Zerg Zerg
  • League: Diamond

LilDicky - Winner!

  • Race: Terran Terran
  • League: Diamond

VOD

http://www.twitch.tv/tumescentpie

Description

Time

  • Played on: Dec. 8, 2015, 1:41 p.m.
  • Length: 12:05
Show
View Real Time Build Order
Export as new Build Order

lotsofwind Zerg 

Build Orders: Hatch First, Muta Ling Bane 

Get SALT Encoding   

  12  0:01  Drone  
  13  0:13  Overlord  
  13  0:19  Drone  
  14  0:32  Drone x2  
  16  0:37  Drone  
  17  0:56  Hatchery  
  16  1:06  Spawning Pool  
  16  1:08  Drone  
  16  1:12  Drone  
  17  1:19  Overlord  
  17  1:24  Extractor  
  17  1:25  Drone  
  17  1:38  Drone  
  18  1:53  Zergling x4  
  20  1:54  Queen  
  22  2:02  Drone  
  22  2:08  Queen  
  23  2:09  Drone  
  23  2:13  Drone  
  27  2:18  Drone  
  28  2:25  Metabolic Boost  
  28  2:26  Drone  
  29  2:31  Queen  
  29  2:35  Drone x2  
  33  2:43  Drone  
  34  2:52  Drone  
  34  2:53  Overlord  
  35  3:01  Drone  
  36  3:06  Overlord  
  36  3:18  Baneling Nest  
  33  3:23  Zergling x2  
  33  3:24  Zergling x8  
  38  3:27  Zergling x2  
  38  3:29  Drone x2  
  41  3:43  Drone x3  
  41  3:45  Overlord, Extractor  
  41  3:46  Extractor  
  42  3:49  Evolution Chamber  
  42  3:55  Drone x5  
  46  3:59  Overlord  
  46  4:07  Drone x4  
  50  4:17  Zerg Melee Weapons Level 1  
  50  4:20  Hatchery  
  49  4:26  Evolution Chamber, Drone  
  49  4:27  Drone x2, Extractor  
  50  4:31  Drone x2  
  50  4:37  Overlord  
  52  4:48  Lair  
  52  4:53  Overlord x2  
  52  4:54  Overlord  
  49  5:03  Drone  
  49  5:04  Drone x4  
  44  5:16  Drone  
  45  5:22  Zergling x2  
  45  5:23  Zergling x8  
  48  5:31  Zergling x2  
  47  5:40  Spore Crawler  
  45  5:47  Drone x3  
  47  6:01  Spire  
  47  6:02  Drone x2  
  48  6:04  Drone  
  48  6:07  Queen  
  48  6:09  Zerg Ground Armor Level 1  
  50  6:20  Drone x3  
  50  6:21  Drone x3  
  56  6:27  Drone  
  56  6:28  Drone  
  58  6:39  Drone  
  59  6:40  Drone x7  
  59  6:41  Queen  
  68  6:57  Zerg Melee Weapons Level 2  
  68  7:01  Pneumatized Carapace  
  68  7:04  Drone x4  
  68  7:05  Drone x3  
  74  7:14  Mutalisk  
  74  7:15  Mutalisk x4  
  84  7:28  Baneling x6  
  84  7:29  Baneling  
  84  7:30  Zergling x16  
  84  7:35  Centrifical Hooks  
  92  7:37  Overlord  
  86  7:55  Mutalisk  
  86  7:56  Mutalisk x3  
  79  8:00  Zergling x2  
  79  8:01  Zergling x20  
  83  8:13  Mutalisk  
  76  8:21  Baneling x3  
  76  8:22  Baneling x4  
  76  8:24  Drone x5  
  76  8:25  Drone  
  73  8:48  Hatchery  
  70  9:03  Hatchery  
  66  9:12  Zergling x8  
  66  9:13  Zergling x8  
  73  9:26  Zergling x12  
  73  9:27  Zergling x4  
  73  9:28  Mutalisk  
  73  9:29  Mutalisk x2  
  73  9:30  Hatchery  
  85  9:43  Mutalisk x3  
  89  9:55  Zergling x2  
  89  9:56  Zergling x2  
  91  10:02  Extractor  
  90  10:08  Baneling x12  
  90  10:09  Baneling x3  
  90  10:13  Drone  
  91  10:14  Overlord  
  91  10:15  Overlord x5  
  91  10:28  Extractor  
  92  10:35  Zergling x10  
  67  11:08  Mutalisk x7  
  79  11:16  Zergling x2  
  69  11:21  Zergling x6  
  69  11:22  Zergling x8  
  72  11:45  Hatchery  
  71  11:48  Extractor  
  71  11:49  Drone x7, Extractor  
Show
View Real Time Build Order
Export as new Build Order

LilDicky Terran - Winner!

Build Orders: MMM Bio 

Get SALT Encoding   

  12  0:01  SCV  
  13  0:14  SCV  
  14  0:19  Supply Depot  
  14  0:26  SCV  
  15  0:39  Refinery  
  15  0:40  SCV  
  16  0:45  Barracks  
  16  0:52  SCV  
  17  1:04  SCV  
  18  1:16  SCV  
  19  1:29  SCV  
  20  1:33  Supply Depot  
  20  1:41  SCV  
  20  1:43  Marine  
  22  1:53  Orbital Command  
  22  1:55  Factory  
  22  1:56  Refinery  
  22  2:03  Marine  
  23  2:19  SCV  
  23  2:21  Marine  
  25  2:31  SCV  
  26  2:39  Marine  
  26  2:42  Armory  
  26  2:43  SCV  
  26  2:44  Factory Tech Lab, Starport  
  28  2:56  SCV  
  28  2:57  Marine  
  30  3:08  SCV  
  31  3:29  SCV  
  31  3:30  Thor  
  38  3:35  Supply Depot  
  38  3:47  Command Center  
  38  3:52  Medivac  
  39  3:56  SCV, Marine  
  41  4:03  Supply Depot  
  41  4:07  Liberator  
  41  4:08  SCV  
  42  4:14  Marine  
  43  4:17  Barracks  
  43  4:18  Barracks  
  43  4:20  SCV  
  50  4:31  Siege Tank  
  50  4:32  SCV, Marine  
  52  4:45  SCV  
  53  4:57  SCV  
  54  5:15  Orbital Command  
  54  5:26  Siege Tank  
  51  5:48  Barracks Tech Lab  
  51  5:49  Barracks Tech Lab  
  51  5:53  Starport Reactor  
  51  5:57  Thor  
  51  5:58  Marine  
  51  6:01  Refinery  
  51  6:03  SCV x2  
  60  6:06  Refinery  
  60  6:08  Supply Depot  
  60  6:10  Stimpack, Marine x2  
  62  6:15  SCV, Marine  
  64  6:28  Marine x2  
  66  6:35  Medivac  
  66  6:39  Combat Shields  
  68  6:41  Marine  
  68  6:46  Marine x2  
  71  6:53  Command Center  
  71  6:56  Barracks  
  71  6:57  Barracks  
  71  6:58  Barracks  
  71  6:59  Marine  
  72  7:04  Marine x2  
  74  7:09  SCV  
  74  7:10  Supply Depot, SCV, Terran Vehicle And Ship Armor Level 1  
  76  7:16  Marine  
  76  7:20  Supply Depot  
  76  7:21  Supply Depot, Marine  
  78  7:29  Engineering Bay  
  78  7:31  SCV x2, Siege Tank  
  78  7:33  Engineering Bay  
  71  8:22  Siege Tank  
  71  8:23  Marine x2  
  71  8:24  Marine x4  
  71  8:25  SCV x2  
  82  8:28  Missile Turret  
  82  8:29  Terran Infantry Weapons Level 1, Missile Turret  
  82  8:30  Missile Turret  
  82  8:32  Missile Turret  
  82  8:33  Missile Turret  
  82  8:41  Marine x5  
  77  8:53  Marine  
  76  8:59  Marine x2  
  78  9:12  SCV x2, Marine x3  
  78  9:13  Marine  
  78  9:16  Marine  
  85  9:29  Missile Turret  
  85  9:34  Missile Turret  
  85  9:35  Missile Turret  
  85  9:37  Missile Turret  
  85  9:38  Missile Turret  
  85  9:41  Marine  
  85  9:42  Marine x5  
  85  9:59  Marine x2  
  86  10:00  Marine x2  
  86  10:02  Marine  
  90  10:07  Thor, Medivac  
  95  10:15  Marine  
  68  11:18  Marine  
  69  11:31  Marine x5  
  71  11:36  Marine  
  65  11:46  Missile Turret  
  65  11:48  Missile Turret  
Tags
 
Add a new tag
Caveats
  • Supply blocks, unpowered buildings, or Contaminate may cause inaccurate times.
  • Supply counts are checked every 10 seconds.